 Dungeon Crawl Stone Soup version 0.20.1-1-g8b1a95d (webtiles) character file.

39 Gargoyl the Skirmisher (level 3, -3/33 HPs)
             Began as a Minotaur Abyssal Knight on Aug 28, 2017.
             Was a Follower of Lugonu.
             Slain by a leopard gecko (4 damage)
             ... on level 2 of the Dungeon.
             The game lasted 00:01:59 (964 turns).

Gargoyl the Skirmisher (Minotaur Abyssal Knight)     Turns: 964, Time: 00:02:00

Health: -3/33      AC:  5    Str: 16    XL:     3   Next: 26%
Magic:  3/3        EV:  8    Int:  9    God:    Lugonu [*.....]
Gold:   85         SH:  7    Dex: 10    Spells: 2/2 levels left

rFire    . . .     SeeInvis .   a - +1 hand axe
rCold    . . .     Gourm    .   k - +0 shield (curse)
rNeg     . . .     Faith    .   b - +0 leather armour
rPois    .         Spirit   .   (helmet restricted)
rElec    .         Reflect  .   (no cloak)
rCorr    .         Harm     .   (no gloves)
MR       .....                  f - +1 pair of boots
Stlth    +.........             (no amulet)
Regen    0.2/turn               (no ring)
MPRegen  0.1/turn               (no ring)

@: lethally poisoned (-3 -> -5)
A: retaliatory headbutt, horns 2
a: Depart the Abyss, Renounce Religion


You were on level 2 of the Dungeon.
You worshipped Lugonu.
Lugonu was aware of your devotion.
You were not hungry.

You visited 1 branch of the dungeon, and saw 2 of its levels.
You visited the Abyss 1 time.

You collected 85 gold pieces.

Inventory:

Hand Weapons
 a - a +1 hand axe (weapon)
Missiles
 e - 5 tomahawks of dispersal (quivered)
 h - 2 tomahawks
Armour
 b - a +0 leather armour (worn)
 f - a +1 pair of boots (worn)
 k - a cursed +0 shield (worn)
Scrolls
 g - 2 scrolls of enchant armour {unknown}
 i - a scroll of blinking {unknown}
Potions
 l - 2 potions of berserk rage {unknown}
 m - a potion of mutation {unknown}
Comestibles
 c - 3 bread rations
 d - 4 fruits
 j - a meat ration
 n - a chunk of flesh


   Skills:
 + Level 4.1 Fighting
 + Level 2.5 Axes
 * Level 3.1 Armour
 + Level 1.2 Dodging
 + Level 0.2 Shields
 * Level 2.6 Invocations


You had 2 spell levels left.
You didn't know any spells.

Dungeon Overview and Level Annotations

Branches:
Dungeon (2/15)

Altars:


Innate Abilities, Weirdness & Mutations

You reflexively headbutt those who attack you in melee.
You have a pair of horns on your head.


Message History

You closely miss the leopard gecko.
The leopard gecko bites you but does no damage.
The leopard gecko bites you.
* * * LOW HITPOINT WARNING * * *
You closely miss the leopard gecko.
You feel sick.
The leopard gecko hisses menacingly.
The leopard gecko barely misses you. You block the leopard gecko's attack.
You barely miss the leopard gecko. The leopard gecko misses you.
You hit the leopard gecko but do no damage.
Your headbutt misses the leopard gecko.
You feel sick. You block the leopard gecko's attack.
The leopard gecko completely misses you.
You closely miss the leopard gecko. Your headbutt misses the leopard gecko.
The leopard gecko bites you.
* * * LOW HITPOINT WARNING * * *
You hit the leopard gecko but do no damage.
The leopard gecko bites you.
* * * LOW HITPOINT WARNING * * *
The leopard gecko bites you.
You die...

#.# .### ...
... .. ... # ..
.? . .##.#.# #
...#.####
.#..###l......#
.......@.#.#
...####.##.#
#.#..# ##.#.#
#%...###.#
#........#
#.######## #.#
#####.#


You could see a leopard gecko.

Vanquished Creatures
  An adder (D:2)
  A gnoll (D:1)
  A leopard gecko (D:1)
  A giant cockroach (D:1)
  2 goblins (D:1)
  5 hobgoblins
  2 frilled lizards
  3 kobolds (D:1)
  4 rats (D:1)
20 creatures vanquished.

Notes
Turn   | Place    | Note
-------+----------+-------------------------------------------
     0 | Abyss:1  | Gargoyl the Minotaur Abyssal Knight began the quest for the Orb.
     0 | Abyss:1  | Reached XP level 1. HP: 19/19 MP: 1/1
    52 | Abyss:3  | Found a corrupted altar of Lugonu.
    93 | Abyss:3  | Noticed a large abomination
    98 | Abyss:3  | Noticed a white very ugly thing
    99 | Abyss:3  | Noticed a dire elephant zombie
   100 | D:1      | Escaped the Abyss
   301 | D:1      | Reached * piety under Lugonu
   311 | D:1      | Reached XP level 2. HP: 18/27 MP: 2/2
   804 | D:1      | Reached skill level 4 in Fighting
   953 | D:2      | Reached XP level 3. HP: 18/33 MP: 3/3
   964 | D:2      | HP: 1/33 [leopard gecko (4)]
   964 | D:2      | Slain by a leopard gecko

Skill      XL: |  1  2 |
---------------+-------+-----
Invocations    | 2 |  2.6
Fighting       | 4 |  4.1
Armour         | 3 |  3.1
Axes           | |  2.5
Dodging        | |  1.2
Shields        | |  0.2

Action                   || total
-------------------------++-------
Melee: Hand axe          ||    60
       Headbutt          ||     6
Invok: Depart the Abyss  ||     1
  Use: Scroll            ||     4
       Potion            ||     1
Armor: Leather armour    ||    13
Dodge: Dodged            ||    29
Block: Shield            ||    15
